 Dungeon Crawl Stone Soup version 0.31-a0-360-gb3e1d13bf4 (webtiles) character file.

Game seed: 1666682509614611832

256 cforsyth the Charlatan (level 6, -2/47 HPs)
             Began as a Gnoll Artificer on July 26, 2023.
             Slain by an orc
             ... wielding a +0 mace of holy wrath
              (3 damage)
             ... on level 3 of the Dungeon.
             The game lasted 00:02:22 (2629 turns).

cforsyth the Charlatan (Gnoll Artificer)            Turns: 2629, Time: 00:02:22

Health: -2/47      AC:  3    Str: 11    XL:     6   Next: 15%
Magic:  8/8        EV: 12    Int: 12    God:
Gold:   111        SH:  0    Dex: 13    Spells: 8/8 levels left

rFire   . . .        a - +0 club
rCold   . . .        (no shield)
rNeg    . . .        b - +0 leather armour
rPois   .            (no helmet)
rElec   .            (no cloak)
rCorr   .            (no gloves)
SInv    .            (no boots)
Will    .....        g - amulet of magic regeneration
Stlth   ++           (no ring)
HPRegen 0.27/turn    (no ring)
MPRegen 0.51/turn

%: no passive effects
@: no status effects
A: fangs 1, strong nose, distributed training
a: no special abilities


You were on level 3 of the Dungeon.
You visited 1 branch of the dungeon, and saw 3 of its levels.

You collected 111 gold pieces.

Inventory:

Hand Weapons
 a - a +0 club (weapon)
Armour
 b - a +0 leather armour (worn)
 n - the +3 leather armour "Unnothec" {rElec}
   (You found it on level 3 of the Dungeon)

   rElec:     It insulates you from electricity.
Jewellery
 g - an amulet of magic regeneration (around neck)
Wands
 d - a wand of charming (15)
 e - a wand of iceblast (5)
Scrolls
 f - 3 scrolls of teleportation {unknown}
 h - a scroll of immolation {unknown}
 i - 3 scrolls of identify {unknown}
Potions
 j - a potion of might {unknown}
 k - a potion of heal wounds {unknown}
 l - a potion of attraction {unknown}
 m - a potion of magic {unknown}


   Skills:
 + Level 3.2 Fighting
 + Level 1.8 Short Blades
 + Level 1.8 Long Blades
 + Level 1.8 Axes
 + Level 1.8 Maces & Flails
 + Level 1.8 Polearms
 + Level 1.8 Staves
 + Level 1.8 Ranged Weapons
 + Level 1.8 Throwing
 + Level 4.9 Armour
 + Level 3.2 Dodging
 + Level 3.0 Stealth
 + Level 1.8 Shields
 + Level 1.8 Unarmed Combat
 + Level 1.8 Spellcasting
 + Level 1.4 Conjurations
 + Level 1.4 Hexes
 + Level 1.4 Summonings
 + Level 1.4 Necromancy
 + Level 1.4 Translocations
 + Level 1.4 Transmutations
 + Level 1.4 Fire Magic
 + Level 1.4 Ice Magic
 + Level 1.4 Air Magic
 + Level 1.4 Earth Magic
 + Level 1.4 Poison Magic
 + Level 2.0 Invocations
 + Level 6.8 Evocations
 + Level 1.4 Shapeshifting


You had 8 spell levels left.
You didn't know any spells.
Your spell library contained the following spells:

 Spells                   Type           Power      Damage    Failure   Level
 Summon Forest            Summ/Tloc      2%         N/A       99%         5
 Eringya's Noxious Bog    Tmut/Pois      2%         4d6       100%        6
 Summon Hydra             Summ           2%         N/A       100%        7


Dungeon Overview and Level Annotations

Branches:
Dungeon (3/15)

Altars:
Gozag
Okawaru


Innate Abilities, Weirdness & Mutations

You have very sharp teeth.
Your uncanny sense of smell can sniff out nearby items.
Your experience applies equally to all skills.


Message History

The orc priest hits you but does no damage.
Aiming: Throw Flame
Press: ? - help, Shift-Dir - straight line, f/p - orc priest
Aim: an orc priest, wielding a +0 club (heavily wounded, 74% to hit)
The puff of flame hits the orc priest!
You kill the orc priest!
The orc hits you with a +0 mace of holy wrath.
You closely miss the orc.
The orc hits you with a +0 mace of holy wrath.
* * * LOW HITPOINT WARNING * * *
You hit the orc. You bite the orc, but do no damage.
The orc is lightly wounded.
The orc hits you but does no damage.
You hit the orc but do no damage. You bite the orc, but do no damage.
The orc is lightly wounded.
The orc hits you with a +0 mace of holy wrath!
* * * LOW HITPOINT WARNING * * *
You hit the orc but do no damage.
The orc is lightly wounded.
The orc hits you with a +0 mace of holy wrath.
* * * LOW HITPOINT WARNING * * *
You closely miss the orc. You bite the orc, but do no damage.
The orc completely misses you.
The orc hits you with a +0 mace of holy wrath.
* * * LOW HITPOINT WARNING * * *
Aiming: Throw Flame
Press: ? - help, Shift-Dir - straight line, f - orc
Aim: an orc, wielding a +0 mace of holy wrath and wearing a +0 ring mail (77% to hit)
The puff of flame hits the orc.
The orc is moderately wounded.
The orc hits you with a +0 mace of holy wrath.
* * * LOW HITPOINT WARNING * * *
Aiming: Throw Flame
Press: ? - help, Shift-Dir - straight line, f/p - orc
Aim: an orc, wielding a +0 mace of holy wrath and wearing a +0 ring mail (moderately wounded, 77% to hit)
The puff of flame hits the orc.
The orc is almost dead.
The now-empty wand crumbles to dust.
The orc hits you with a +0 mace of holy wrath.
You die...

#.....#.................
#########...............
#........#.......
###................
##.......>..........
#...................
#......#.(.#.#.....#
#......#...#.#.....#
#.o@...##... ...
##)##### ## ....
#.######## .....
#........##....
##'###.......#
#............#
#............#
#............#
#............#


You could see an orc.

Vanquished Creatures
  Sigmund (D:2)
  An orc priest (D:3)
  4 adders
  A worm (D:2)
  3 orcs
  3 ball pythons
  A bat (D:2)
  An endoplasm (D:1)
  5 goblins
  A hobgoblin (D:2)
  3 kobolds
  A quokka (D:2)
  4 rats
29 creatures vanquished.

Notes
Turn   | Place    | Note
-------+----------+-------------------------------------------
     0 | D:1      | cforsyth the Gnoll Artificer began the quest for the Orb.
     0 | D:1      | Reached XP level 1. HP: 17/17 MP: 1/1
   335 | D:1      | Reached XP level 2. HP: 9/23 MP: 2/2
  1005 | D:2      | Noticed Sigmund
  1122 | D:2      | Killed Sigmund
  1123 | D:2      | Reached skill level 1 in Short Blades
  1123 | D:2      | Reached skill level 1 in Long Blades
  1123 | D:2      | Reached skill level 1 in Axes
  1123 | D:2      | Reached skill level 1 in Maces & Flails
  1123 | D:2      | Reached skill level 1 in Polearms
  1123 | D:2      | Reached skill level 1 in Staves
  1123 | D:2      | Reached skill level 1 in Ranged Weapons
  1123 | D:2      | Reached skill level 1 in Throwing
  1123 | D:2      | Reached skill level 1 in Shields
  1123 | D:2      | Reached skill level 1 in Unarmed Combat
  1123 | D:2      | Reached skill level 1 in Spellcasting
  1123 | D:2      | Reached skill level 1 in Conjurations
  1123 | D:2      | Reached skill level 1 in Hexes
  1123 | D:2      | Reached skill level 1 in Summonings
  1123 | D:2      | Reached skill level 1 in Necromancy
  1123 | D:2      | Reached skill level 1 in Translocations
  1123 | D:2      | Reached skill level 1 in Transmutations
  1123 | D:2      | Reached skill level 1 in Fire Magic
  1123 | D:2      | Reached skill level 1 in Ice Magic
  1123 | D:2      | Reached skill level 1 in Air Magic
  1123 | D:2      | Reached skill level 1 in Earth Magic
  1123 | D:2      | Reached skill level 1 in Poison Magic
  1123 | D:2      | Reached skill level 1 in Invocations
  1123 | D:2      | Reached skill level 1 in Shapeshifting
  1123 | D:2      | Reached XP level 3. HP: 23/29 MP: 2/5
  1123 | D:2      | Reached XP level 4. HP: 28/35 MP: 2/6
  1123 | D:2      | Reached XP level 5. HP: 33/41 MP: 2/7
  2236 | D:3      | Found an opulent altar of Gozag.
  2246 | D:3      | Found an iron altar of Okawaru.
  2273 | D:3      | HP: 2/41 [orc priest/divine providence (13)]
  2458 | D:3      | Reached XP level 6. HP: 38/47 MP: 8/8
  2572 | D:3      | Identified the +3 leather armour "Unnothec" {rElec}
  2628 | D:3      | HP: 1/47 [orc/+0 mace of holy wrath (2)]
  2629 | D:3      | Slain by an orc

Illustrated notes

Levels and vault maps discovered:
D:1:      denvon_arrival_hothouse, layout_loops_ring, kennysheep_another_room,
          dk_noncrumbling_2
D:2:      layout_basic, uniq_sigmund
D:3:      layout_basic, general_overflow_altar, mainiacjoe_overflow_tiny_flanked

Skill      XL: |  1  2  3  4  5 |
---------------+----------------+-----
Fighting       | 3 |  3.2
Short Blades   | 1 |  1.8
Long Blades    | 1 |  1.8
Axes           | 1 |  1.8
Maces & Flails | 1 |  1.8
Polearms       | 1 |  1.8
Staves         | 1 |  1.8
Ranged Weapons | 1 |  1.8
Throwing       | 1 |  1.8
Dodging        | 3 |  3.2
Shields        | 1 |  1.8
Unarmed Combat | 1 |  1.8
Spellcasting   | 1 |  1.8
Conjurations   | 1 |  1.4
Hexes          | 1 |  1.4
Summonings     | 1 |  1.4
Necromancy     | 1 |  1.4
Translocations | 1 |  1.4
Transmutations | 1 |  1.4
Fire Magic     | 1 |  1.4
Ice Magic      | 1 |  1.4
Air Magic      | 1 |  1.4
Earth Magic    | 1 |  1.4
Poison Magic   | 1 |  1.4
Invocations    | 1 2 |  2.0
Shapeshifting  | 1 |  1.4
Stealth        | 3 |  3.0
Armour         | |  4.9
Evocations     | |  6.8

Action                     |  1- 3 |  4- 6 || total
---------------------------+-------+-------++-------
  Melee: Club              |    47 |   117 ||   164
         Bite              |     5 |    16 ||    21
         Punch             |       |     3 ||     3
  Evoke: Wand              |    10 |     5 ||    15
   Stab: Distracted        |       |     1 ||     1
         Sleeping          |       |     1 ||     1
 Armour: Leather armour    |    12 |    29 ||    41
  Dodge: Dodged            |    33 |    87 ||   120

Table legend: (Time is in decaauts)
 A = Elapsed time spent in this place.
 B = Non-inter-level travel time spent in this place.
 C = Inter-level travel time spent in this place.
 D = Time resting spent in this place.
 E = Time spent auto-exploring this place.
 F = Levels seen in this place.
 G = Mean time per level.
                   A        B        C        D        E       F      G
               +--------+--------+--------+--------+--------+-----+--------+
         Total |   2668 |   2572 |     96 |    221 |   1923 |   3 |  889.3 |
       Dungeon |   2668 |   2572 |     96 |    221 |   1923 |   3 |  889.3 |
               +--------+--------+--------+--------+--------+-----+--------+

Top non-repeatable levels by time:
     D:2: 1268 daAuts
     D:1: 1024 daAuts
     D:3: 374 daAuts
